 Dungeon Crawl Stone Soup version 0.21.1-1-g345015fe64 (webtiles) character file.

314 Gargoyl the Skirmisher (level 6, 0/78 HPs)
             Began as a Centaur Abyssal Knight on Mar 26, 2018.
             Was a Believer of Lugonu.
             Slain by Menkaure (7 damage)
             ... on level 5 of the Dungeon.
             The game lasted 00:06:33 (4880 turns).

Gargoyl the Skirmisher (Centaur Abyssal Knight)     Turns: 4880, Time: 00:06:33

Health: 0/78       AC: 12    Str: 20    XL:     6   Next: 19%
Magic:  8/8        EV:  4    Int: 11    God:    Lugonu [**....]
Gold:   209        SH:  0    Dex: 10    Spells: 5/5 levels left

rFire    . . .     SeeInvis .   a - +1 hand axe
rCold    . . .     Gourm    .   (no shield)
rNeg     . . .     Faith    .   o - +1 plate armour (curse)
rPois    .         Spirit   .   l - +1 helmet
rElec    .         Reflect  .   (no cloak)
rCorr    .         Harm     .   (no gloves)
MR       .....                  (no barding)
Stlth    ..........             (no amulet)
HPRegen  0.23/turn              (no ring)
MPRegen  0.11/turn              (no ring)

@: berserking, very slightly contaminated, invisible, very quick
A: large, hooves 3, deformed body, speed 2, tough skin 3
a: Depart the Abyss, Bend Space, Renounce Religion


You were on level 5 of the Dungeon.
You worshipped Lugonu.
Lugonu was pleased with you.
You were hungry.

You visited 1 branch of the dungeon, and saw 5 of its levels.
You visited the Abyss 1 time.

You collected 209 gold pieces.

Inventory:

Hand Weapons
 a - a +1 hand axe (weapon)
Missiles
 f - 8 poisoned javelins (quivered)
Armour
 l - a +1 helmet (worn)
 o - a cursed +1 plate armour (worn)
Jewellery
 g - an uncursed ring of ice {unknown}
Wands
 n - a wand of digging (15)
Scrolls
 d - 3 scrolls of teleportation
 i - 3 scrolls of identify
 m - a scroll of amnesia
Potions
 p - a potion of heal wounds {unknown}
Comestibles
 c - 11 rations


   Skills:
 + Level 4.1 Fighting
 + Level 3.4 Axes
 * Level 3.2 Armour
 + Level 0.8 Dodging
 * Level 3.0 Invocations


You had 5 spell levels left.
You didn't know any spells.

Dungeon Overview and Level Annotations

Branches:
Dungeon (5/15)
 Temple: D:4-7

Altars:
Okawaru
Ru
Vehumet
The Shining One

Annotations:
D:3 rzd's ghost, amateur GrFi
D:5 Menkaure


Innate Abilities, Weirdness & Mutations

You have hooves in place of feet.
Armour fits poorly on your strangely shaped body.
You cover ground very quickly.
You have extremely tough skin. (AC +3)


Message History

You feel less wooden.
Your +1 helmet unmelds from your body.
Your cursed +1 plate armour unmelds from your body.
You feel a little less clever now.
It was a potion of ambrosia.
You are confused.
You feel invigorated. Menkaure hits you!
* * * LOW HITPOINT WARNING * * *
You're too confused!
You feel better.
You feel less invigorated. Menkaure hits you but does no damage.
It was a potion of invisibility.
You fade into invisibility!
Menkaure hits you!
* * * LOW HITPOINT WARNING * * *
You are very lightly contaminated with residual magic.
It was a potion of berserk rage.
A red film seems to cover your vision as you go berserk!
You feel yourself moving faster!
You feel mighty! Menkaure hits you!
You die...

## .. #
#############.#....
#..........@M..<#
#.############### #.#
######### #.#
#######..(.....
####.###.............#
#........#.###.####.##
#.##.###...# #.#
#.#.......## #.#
###.......#.####.##


You could see Menkaure.

Vanquished Creatures
  A crimson imp (D:5)
  A hound (D:4)
  An orc wizard (D:4)
  A bullfrog skeleton (D:4)
  2 iguanas (D:4)
  A gnoll (D:1)
  4 adders
  2 oozes
  An adder skeleton (D:4)
  A worm (D:3)
  A dart slug (D:1)
  4 leopard geckos
  6 orcs (D:4)
  12 bats
  5 giant cockroaches
  2 goblins
  5 hobgoblins
  4 quokkas
  3 ball pythons
  3 frilled lizards
  7 kobolds
  A leopard gecko skeleton (D:4)
  A leopard gecko zombie (D:5)
  10 rats
79 creatures vanquished.

Notes
Turn   | Place    | Note
-------+----------+-------------------------------------------
     0 | Abyss:1  | Gargoyl the Centaur Abyssal Knight began the quest for the Orb.
     0 | Abyss:1  | Reached XP level 1. HP: 19/19 MP: 2/2
    37 | Abyss:3  | Found a corrupted altar of Lugonu.
    67 | Abyss:3  | Noticed a long sword of holy wrath
    75 | Abyss:3  | Noticed a great orb of eyes
    85 | D:1      | Escaped the Abyss
   363 | D:1      | Reached XP level 2. HP: 23/26 MP: 3/3
   483 | D:1      | Reached * piety under Lugonu
   751 | D:1      | Reached XP level 3. HP: 26/31 MP: 4/4
  1179 | D:2      | Found a sacrificial altar of Ru.
  1702 | D:2      | Found a glowing golden altar of the Shining One.
  1926 | D:3      | Reached XP level 4. HP: 38/38 MP: 5/5
  1956 | D:3      | Noticed rzd's ghost (amateur GrFi)
  2750 | D:3      | Reached ** piety under Lugonu
  3498 | D:4      | Found a radiant altar of Vehumet.
  3624 | D:4      | Reached XP level 5. HP: 31/46 MP: 7/7
  3831 | D:4      | Found an iron altar of Okawaru.
  4532 | D:4      | Reached XP level 6. HP: 48/52 MP: 8/8
  4758 | D:5      | Entered Level 5 of the Dungeon
  4818 | D:5      | Reached skill level 4 in Fighting
  4866 | D:5      | Noticed Menkaure
  4877 | D:5      | HP: 1/52 [Menkaure (16)]
  4880 | D:5      | Slain by Menkaure

Skill      XL: |  1  2  3  4  5  6 |
---------------+-------------------+-----
Axes           | 2 3 |  3.4
Armour         | 2 3 |  3.2
Invocations    | 3 |  3.0
Fighting       | 4 |  4.1
Dodging        | |  0.8

Action                   |  1- 3 |  4- 6 || total
-------------------------+-------+-------++-------
Melee: Hand axe          |   101 |   162 ||   263
       Kick              |    14 |    36 ||    50
Invok: Depart the Abyss  |     1 |       ||     1
  Use: Scroll            |     5 |     2 ||     7
       Potion            |     1 |     7 ||     8
  Eat: Chunk             |     2 |     7 ||     9
Armor: Chain mail        |   122 |    45 ||   167
       Plate armour      |       |    80 ||    80
Dodge: Dodged            |    34 |    36 ||    70
